 Dungeon Crawl Stone Soup version 0.29.0-11-gd7f09526c8 (webtiles) character file.

Game seed: 10721602816042873908

56 Sabo the Gusty (level 3, -1/19 HPs)
             Began as a Gargoyle Air Elementalist on Sept 2, 2022.
             Was a Follower of Makhleb.
             Slain by Crazy Yiuf
             ... wielding a +3 quarterstaff of chaos
              (10 damage)
             ... on level 3 of the Dungeon.
             The game lasted 00:21:31 (3609 turns).

Sabo the Gusty (Gargoyle Air Elementalist)          Turns: 3609, Time: 00:21:31

Health: -1/19      AC:  5    Str: 11    XL:     3   Next: 97%
Magic:  5/6        EV: 12    Int: 26    God:    Makhleb [*.....]
Gold:   171        SH:  0    Dex: 10    Spells: 5/6 levels left

rFire   + . .      SeeInvis .   h - +4 spear of Dishonesty {vorpal, Int+9}
rCold   . . .      Faith    .   (no shield)
rNeg    + . .      Spirit   .   a - +0 robe
rPois   ∞          Reflect  .   (no helmet)
rElec   +          Harm     .   (no cloak)
rCorr   .          Rampage  .   (no gloves)
Will    +....                   (no boots)
Stlth   ++........              (no amulet)
HPRegen 0.06/turn               c - ring of protection from fire
MPRegen 0.10/turn               o - ring of willpower

@: no status effects
A: sickness immunity, AC +3, negative energy resistance 1, electricity
resistance, torment resistance 1, petrification resistance
a: Renounce Religion


You were on level 3 of the Dungeon.
You worshipped Makhleb.
Makhleb was aware of your devotion.
You visited 1 branch of the dungeon, and saw 3 of its levels.

You collected 171 gold pieces.

Inventory:

Hand Weapons
 f - a +0 sling
 h - the +4 spear of Dishonesty (weapon) {vorpal, Int+9}
   (You found it on level 2 of the Dungeon)

   It inflicts extra damage upon your enemies.
   Int:       It affects your intelligence (+9).
Armour
 a - a +0 robe (worn)
Jewellery
 c - a ring of protection from fire (left hand)
 o - a ring of willpower (right hand)
Wands
 m - a wand of flame (17)
Scrolls
 e - a scroll of immolation
 i - a scroll of magic mapping
 k - a scroll of poison
 l - 2 scrolls of enchant armour
 p - a scroll of teleportation {unknown}
 q - a scroll of amnesia
Potions
 b - a potion of magic
 d - a potion of cancellation {unknown}
 g - a potion of mutation
 j - a potion of curing {unknown}
 n - a potion of flight {unknown}


   Skills:
 + Level 1.0 Polearms
 + Level 2.1 Dodging
 + Level 2.4 Stealth
 + Level 2.4 Spellcasting
 + Level 1.5 Conjurations
 + Level 2.8 Air Magic


You had 5 spell levels left.
You knew the following spells:

 Your Spells              Type           Power      Damage    Failure   Level
a - Shock                 Conj/Air       56%        1d6       4%          1

Your spell library contained the following spells:

 Spells                   Type           Power      Damage    Failure   Level
 Static Discharge         Conj/Air       14%        3-5/arc   6%          2
 Apportation              Tloc           6%         N/A       10%         1
 Necrotise                Necr           12%        1d4       10%         1
 Summon Small Mammal      Summ           12%        N/A       10%         1
 Swiftness                Air            17%        N/A       10%         3
 Conjure Flame            Conj/Fire      7%         6-21      22%         3
 Ignite Poison            Fire/Tmut/Pois 3%         N/A       30%         3
 Airstrike                Air            8%         2d(2-18)  30%         4
 Sticky Flame             Conj/Fire      7%         2d3       58%         4


Dungeon Overview and Level Annotations

Branches:
Dungeon (3/15)

Altars:
Fedhas
Makhleb

Annotations:
D:3 Crazy Yiuf


Innate Abilities, Weirdness & Mutations

You are immune to sickness and miasma.
Your stone body is resilient. (AC +3)
You are immune to poison.
You resist negative energy. (rN+)
You are resistant to electric shocks. (rElec)
You are resistant to unholy torment.
You are immune to petrification.


Message History

Found 15 gold pieces.
Found a scroll labelled WESHIRCHICS.
You now have 171 gold pieces (gained 15).
Found a book of Cantrips.
p - a scroll labelled WESHIRCHICS
Found an escape hatch in the floor.
You pick up a book of Cantrips and begin reading...
You add the spells Necrotise, Summon Small Mammal and Apportation to your library.
You open the door. As you open the door, it creaks loudly!
There is an open door here.
Found a hammer.
Found a runed translucent door.
Crazy Yiuf shouts!
You open the door.
Casting: Shock (safe; 4% risk of failure)
Confirm with . or Enter, or press ? or * to list all spells.
Aiming: Shock (safe; 4% risk of failure)
Press: ? - help, Shift-Dir - straight line, f - Crazy Yiuf
Aim: Crazy Yiuf, wielding a +3 quarterstaff of chaos and wearing a +2 cloak of preservation (75% to hit)
The zap hits Crazy Yiuf.
Crazy Yiuf is moderately wounded.
You hit Crazy Yiuf.
Crazy Yiuf is moderately wounded.
Crazy Yiuf grits, "Snower Hive hand!"
Crazy Yiuf barely misses you.
You hit Crazy Yiuf but do no damage.
Crazy Yiuf is moderately wounded.
Crazy Yiuf hits you with a +3 quarterstaff of chaos!
Ouch! That really hurt!
You hit Crazy Yiuf.
Crazy Yiuf is heavily wounded.
Crazy Yiuf drinks a potion.
Crazy Yiuf seems to speed up.
You hit Crazy Yiuf but do no damage.
Crazy Yiuf is heavily wounded.
Crazy Yiuf closely misses you. x2
You hit Crazy Yiuf.
Crazy Yiuf is severely wounded.
Crazy Yiuf hits you with a +3 quarterstaff of chaos!
Ouch! That really hurt!
You die...

#+# #'..'#
#....# ♣P..P♣
♣♣...♣ .. ♣♣.♣♣
.. ♣♣.♣ .. ♣.♣♣
♣♣.♣ ♣@♣♣ #g#
#+# ... #.#
#...# #.# #)..#
####.## #####
......######
#.....##..####
###
.#....###.###.#
#.#


You could see Crazy Yiuf (fast).

Vanquished Creatures
  An adder (D:2)
  A worm (D:3)
  An orc (D:3)
  2 endoplasms
  3 giant cockroaches
  4 goblins
  4 hobgoblins
  2 jackals (D:1)
  4 kobolds
  A quokka (D:1)
  6 ball pythons
  3 bats
  2 frilled lizards (D:1)
  6 rats
40 creatures vanquished.

Notes
Turn   | Place    | Note
-------+----------+-------------------------------------------
     0 | D:1      | Sabo the Gargoyle Air Elementalist began the quest for the
                  | Orb.
     0 | D:1      | Reached XP level 1. HP: 10/10 MP: 3/3
   239 | D:1      | Reached XP level 2. HP: 15/15 MP: 1/5
  1723 | D:2      | Identified the +4 spear of Dishonesty {vorpal, Int+9}
  1746 | D:2      | Reached XP level 3. HP: 18/19 MP: 6/6
  1869 | D:2      | Found a blossoming altar of Fedhas.
  2229 | D:2      | Found a faded altar of an unknown god.
  2340 | D:2      | Prayed at the altar of an unknown god.
  2340 | D:2      | Became a worshipper of Makhleb the Destroyer
  2340 | D:2      | Reached * piety under Makhleb
  2950 | D:3      | Reached skill level 1 in Polearms
  3599 | D:3      | Found a runed translucent door.
  3600 | D:3      | Noticed Crazy Yiuf
  3609 | D:3      | Slain by Crazy Yiuf

Illustrated notes

Levels and vault maps discovered:
D:1:      minmay_arrival_plants_in_alcoves, layout_loops_corners
D:2:      layout_loops_cross, ebering_ecumenical_altar_rust, basic_altar
D:3:      layout_loops_corners, ebering_dispersal_statue_hall,
          minmay_stone_trees_small, uniq_crazy_yiuf_cottage

Skill      XL: |  1  2  3 |
---------------+----------+-----
Dodging        | 2 |  2.1
Polearms       | 1 |  1.0
Stealth        | |  2.4
Spellcasting   | |  2.4
Conjurations   | |  1.5
Air Magic      | |  2.8

Action                   || total
-------------------------++-------
Melee: Unarmed           ||     8
       Spear             ||    59
 Cast: Shock             ||    57
  Use: Scroll            ||     6
 Stab: Sleeping          ||     1
Armor: Robe              ||    15
Dodge: Dodged            ||    53
